 Dungeon Crawl Stone Soup version 0.24.0-125-gc4c63601f3 (webtiles) character file.

Game seed: 18427701481639672771, levelgen mode: deterministic

368 Peloso the Skirmisher (level 6, -1/56 HPs)
             Began as a Minotaur Fighter on Mar 21, 2020.
             Slain by an ogre
             ... wielding a +0 giant club
              (13 damage)
             ... on level 4 of the Dungeon.
             The game lasted 00:04:24 (2079 turns).

Peloso the Skirmisher (Minotaur Fighter)            Turns: 2079, Time: 00:04:25

Health: -1/56      AC:  7    Str: 21    XL:     6   Next: 41%
Magic:  0/5        EV:  8    Int:  5    God:
Gold:   189        SH: 10    Dex: 11    Spells: 5/5 levels left

rFire    . . .     SeeInvis .   a - +4 long sword
rCold    . . .     Gourm    .   c - +0 shield
rNeg     . . .     Faith    .   b - +0 scale mail
rPois    .         Spirit   +   (helmet restricted)
rElec    .         Reflect  .   (no cloak)
rCorr    .         Harm     .   (no gloves)
MR       .....                  (no boots)
Stlth    ..........             o - amulet of guardian spirit
HPRegen  0.18/turn              k - ring of flight
MPRegen  0.09/turn              (no ring)

@: no status effects
A: retaliatory headbutt, horns 2
a: Evoke Flight


You were on level 4 of the Dungeon.
You were not hungry.

You visited 1 branch of the dungeon, and saw 4 of its levels.

You collected 189 gold pieces.

Inventory:

Hand Weapons
 a - a +4 long sword (weapon)
Armour
 b - a +0 scale mail (worn)
 c - a +0 shield (worn)
Jewellery
 k - a ring of flight (left hand)
 o - an amulet of guardian spirit (around neck)
Scrolls
 g - 2 scrolls of amnesia
 i - a scroll of magic mapping
 j - a scroll of remove curse
 n - 2 scrolls of teleportation
 p - a scroll of enchant weapon {unknown}
Potions
 d - a potion of might
 e - a potion of curing {unknown}
 l - a potion of flight
 m - a potion of brilliance {unknown}
Comestibles
 f - 7 rations


   Skills:
 + Level 5.0 Fighting
 + Level 5.0 Long Blades
 + Level 4.7 Armour
 + Level 2.4 Dodging
 + Level 0.1 Stealth
 + Level 4.9 Shields


You had 5 spell levels left.
You didn't know any spells.
Your spell library was empty.

Dungeon Overview and Level Annotations

Branches:
Dungeon (4/15)
 Temple: D:4-7

Altars:

Shops:
D:4 (


Innate Abilities, Weirdness & Mutations

You reflexively headbutt those who attack you in melee.
You have a pair of horns on your head.


Message History

You block the hound's attack.
You see here 8 gold pieces.
You block the hound's attack. You block the hound's attack.
The hound barely misses you. You furiously retaliate!
You headbutt the hound.
You riposte.
You closely miss the hound. You headbutt the hound.
You kill the hound!
A giant cockroach comes into view.
The giant cockroach completely misses you.
You riposte.
You slash the giant cockroach!
You kill the giant cockroach!
Found 18 gold pieces.
You slice the ogre!! Your headbutt misses the ogre.
The ogre is severely wounded.
The ogre hits you with a +0 giant club.
* * * LOW HITPOINT WARNING * * *
You hit the ogre. Your headbutt misses the ogre.
The ogre is almost dead.
The ogre hits you with a +0 giant club!
You die...

#.## ..# #..# ... #..#
... #..# #.####..# ####
#..##..# ###..## #.....>
...####.o...## #......
....$..@O.†..#####...†..
#......#####............
###..## ####.....###. ##
####..# #. #### #..# #.
##..############..# #.
###.................# #.
##............####..##
#. ##.############# ####


You could see an ogre and an orc.

Vanquished Creatures
  Blork the orc (D:4)
  A jelly (D:3)
  2 hounds (D:4)
  An orc priest (D:4)
  An orc wizard (D:4)
  Natasha (D:4)
  A worker ant (D:4)
  4 adders
  2 worms
  A dart slug (D:2)
  3 leopard geckos
  2 orcs (D:3)
  2 ball pythons
  4 giant cockroaches
  5 goblins
  7 hobgoblins
  6 kobolds
  3 quokkas
  7 bats
  2 frilled lizards
  7 rats
63 creatures vanquished.

Notes
Turn   | Place    | Note
-------+----------+-------------------------------------------
     0 | D:1      | Peloso the Minotaur Fighter began the quest for the Orb.
     0 | D:1      | Reached XP level 1. HP: 19/19 MP: 0/0
    79 | D:1      | Reached XP level 2. HP: 27/27 MP: 1/1
   617 | D:2      | Reached XP level 3. HP: 16/33 MP: 2/2
   880 | D:2      | Reached skill level 1 in Dodging
  1035 | D:3      | Reached XP level 4. HP: 41/41 MP: 3/3
  1642 | D:4      | Noticed Natasha
  1645 | D:4      | Killed Natasha
  1645 | D:4      | Reached XP level 5. HP: 47/47 MP: 4/4
  1723 | D:4      | Found Abiuj's Antique Weapon Shop.
  1802 | D:4      | Noticed Blork the orc
  1806 | D:4      | Killed Blork the orc
  1806 | D:4      | Reached XP level 6. HP: 41/55 MP: 5/5
  2054 | D:4      | Reached skill level 5 in Fighting
  2054 | D:4      | Reached skill level 5 in Long Blades
  2079 | D:4      | Slain by an ogre

Levels and vault maps discovered:
D:1:      mrwooster_arrival_statue, layout_loops_cross
D:2:      layout_rooms
D:3:      layout_loops_ring
D:4:      layout_layer_cave, first_ration, serial_shops,
          nicolae_shop_temple_entry_statues_fountains, uniq_natasha,
          uniq_blork_the_orc

Skill      XL: |  1  2  3  4  5  6 |
---------------+-------------------+-----
Shields        | 4 |  4.9
Fighting       | 4 5 |  5.0
Armour         | 4 |  4.7
Dodging        | 1 2 |  2.4
Long Blades    | 3 4 5 |  5.0
Stealth        | |  0.1

Action                   |  1- 3 |  4- 6 || total
-------------------------+-------+-------++-------
Melee: Long sword        |    91 |    74 ||   165
       Headbutt          |    12 |    13 ||    25
  Use: Potion            |     1 |     3 ||     4
       Scroll            |       |     5 ||     5
  Eat: Chunk             |       |     4 ||     4
Armor: Scale mail        |    63 |    36 ||    99
Dodge: Dodged            |    28 |    38 ||    66
Block: Shield            |    53 |    59 ||   112
       Rpst.: Long sword |    11 |     9 ||    20
